 Dungeon Crawl Stone Soup version 0.28.0-45-g0d030f2227 (webtiles) character file.

Game seed: 15642375705618584371

133 NinjaNoafa the Ruffian (level 4, -3/37 HPs)
             Began as a Draconian Transmuter on Apr 13, 2022.
             Was an Initiate of Vehumet.
             Slain by a sky beast (6 damage)
             ... on level 4 of the Dungeon.
             The game lasted 00:04:41 (3541 turns).

NinjaNoafa the Ruffian (Draconian Transmuter)       Turns: 3541, Time: 00:04:41

Health: -3/37      AC:  8    Str: 14    XL:     4   Next: 93%
Magic:  8/8        EV: 12    Int: 13    God:    Vehumet [......]
Gold:   133        SH:  0    Dex: 12    Spells: 7/8 levels left

rFire   . . .      SeeInvis .   i - +1 mace (venom)
rCold   . . .      Faith    .   (no shield)
rNeg    . . .      Spirit   .   (armour unavailable)
rPois   .          Reflect  .   (helmet restricted)
rElec   .          Harm     .   (no cloak)
rCorr   .          Rampage  .   (no gloves)
Will    .....                   a - +2 pair of boots
Stlth   +.........              c - amulet of magic regeneration
HPRegen 0.92/turn               (no ring)
MPRegen 0.51/turn               (no ring)

@: very slightly contaminated
A: AC +5, unfitting armour, cold-blooded, regeneration 1
a: Renounce Religion


You were on level 4 of the Dungeon.
You worshipped Vehumet.
Vehumet was noncommittal.
You visited 1 branch of the dungeon, and saw 4 of its levels.

You collected 133 gold pieces.

Inventory:

Hand Weapons
 i - a +1 mace of venom (weapon)
Missiles
 e - 127 stones
 m - 4 boomerangs
 n - 8 poisoned darts
Armour
 a - a +2 pair of boots (worn)
Jewellery
 c - an amulet of magic regeneration (around neck)
Wands
 l - a wand of flame (10)
Scrolls
 b - a scroll of identify
 f - 2 scrolls of noise


   Skills:
 + Level 2.4 Fighting
 + Level 2.4 Dodging
 + Level 3.6 Unarmed Combat
 + Level 2.7 Spellcasting
 + Level 0.7 Conjurations
 + Level 2.8 Transmutations


You had 7 spell levels left.
You knew the following spells:

 Your Spells              Type           Power      Damage    Failure   Level
a - Beastly Appendage     Tmut           18%        N/A       8%          1

Your spell library contained the following spells:

 Spells                   Type           Power      Damage    Failure   Level
 Wereblood                Tmut           9%         N/A       11%         2
 Magic Dart               Conj           12%        1d3       17%         1
 Searing Ray              Conj           6%         2d4       26%         2
 Spider Form              Tmut/Pois      5%         N/A       36%         3
 Ice Form                 Ice/Tmut       5%         N/A       78%         4
 Fulminant Prism          Conj/Hex       1%         3d6       90%         4


Dungeon Overview and Level Annotations

Branches:
Dungeon (4/15)
 Temple: D:4-7

Altars:
Vehumet
Xom

Annotations:
D:4 Pikel


Innate Abilities, Weirdness & Mutations

Your plain brown scales are hard. (AC +5)
You cannot fit into any form of body armour.
You are cold-blooded and may be slowed by cold attacks.
Your natural rate of healing is unusually fast.


Message History

The lemure closely misses you. The lemure hits you.
You hit the lemure but do no damage.
The lemure is poisoned.
Your kick misses the lemure.
You tail-slap the lemure, but do no damage.
The lemure barely misses you.
You barely miss the lemure. Your headbutt misses the lemure.
The lemure barely misses you. The lemure hits you.
You barely miss the lemure. You claw the lemure.
You tail-slap the lemure, but do no damage.
The lemure is lightly wounded.
The lemure hits you but does no damage.
You miss the lemure. Your headbutt misses the lemure.
The lemure is lightly wounded.
The lemure barely misses you. The sky beast hits you. The sky beast shocks you.
You hit the lemure but do no damage.
The lemure looks as sick as possible!
You tail-slap the lemure, but do no damage.
You punch the lemure, but do no damage.
The lemure is moderately wounded.
The lemure closely misses you. The sky beast closely misses you.
The sky beast flickers out of sight!
Deactivating autopickup; reactivate with Ctrl-A.
Something hits you but does no damage. The lemure barely misses you.
You hit the lemure.
The lemure looks as sick as possible!
You claw the lemure.
The lemure is severely wounded.
Your horns disappear.
Your talons disappear.
Your +2 pair of boots unmelds from your body.
Something hits you. Something shocks you.
* * * LOW HITPOINT WARNING * * *
The lemure hits you.
* * * LOW HITPOINT WARNING * * *
Casting: Beastly Appendage (safe; 8% risk of failure)
Confirm with . or Enter, or press ? or * to list all spells.
You miscast Beastly Appendage.
You are very lightly contaminated with residual magic.
Nothing appears to happen.
The lemure hits you but does no damage. Something hits you but does no damage.
Something hits you.
* * * LOW HITPOINT WARNING * * *
Something shocks you.
You die...

#.####..# #.####..#
#.......# ###.##### #.#
#. #g# .### #.# ..#
###5#### #.# #.@{...#
####.### ###.#.##.#
###<.....#
#.....##$###...##.#.#
.####......≈.....#.#.....
..........##.###........#
#####........# ###Y.....#
##.....#### #5.....#
#......## #...####
#.......# #...#


You could see a lemure (extremely poisoned) and a hobgoblin.

Vanquished Creatures
  2 lemures (D:4)
  A scorpion (D:4)
  2 adders
  An ufetubus (D:4)
  A worm (D:2)
  3 dart slugs (D:3)
  An orc (D:3)
  4 ball pythons
  A bat (D:2)
  4 endoplasms
  A giant cockroach (D:1)
  7 goblins
  5 hobgoblins
  A quokka (D:1)
  2 frilled lizards
  3 kobolds
  5 rats
44 creatures vanquished.

Notes
Turn   | Place    | Note
-------+----------+-------------------------------------------
     0 | D:1      | NinjaNoafa the Draconian Transmuter began the quest for the
                  | Orb.
     0 | D:1      | Reached XP level 1. HP: 16/16 MP: 3/3
   553 | D:1      | Reached XP level 2. HP: 22/23 MP: 3/5
  1339 | D:2      | Reached XP level 3. HP: 27/29 MP: 6/6
  3174 | D:3      | Reached XP level 4. HP: 32/36 MP: 7/7
  3231 | D:3      | Found a shimmering altar of Xom.
  3233 | D:3      | Found a radiant altar of Vehumet.
  3238 | D:3      | Became a worshipper of Vehumet
  3398 | D:4      | Noticed a lemure
  3400 | D:4      | Noticed a lemure
  3400 | D:4      | Noticed a lemure
  3400 | D:4      | Noticed a lemure
  3402 | D:4      | Noticed a sky beast
  3404 | D:4      | Gained mutation: Your natural rate of healing is unusually
                  | fast. [potion of mutation]
  3404 | D:4      | Noticed Pikel
  3412 | D:4      | Killed a lemure
  3420 | D:4      | Killed a lemure
  3448 | D:4      | Noticed a scorpion
  3532 | D:4      | Killed a scorpion
  3541 | D:4      | Slain by a sky beast

Illustrated notes

Levels and vault maps discovered:
D:1:      matt_arrival_refuge, layout_loops_corners, minmay_misc_feat_columns,
          minivault_19
D:2:      layout_loops_corners
D:3:      layout_loops_corners, minitemple, ebering_dispersal_statue_hall
D:4:      layout_loops_cross, eino_tiny_chamber, uniq_pikel

Skill      XL: |  1  2  3 |
---------------+----------+-----
Dodging        | 2 |  2.4
Fighting       | 2 |  2.4
Unarmed Combat | |  3.6
Spellcasting   | |  2.7
Conjurations   | |  0.7
Transmutations | |  2.8

Action                   |  1- 3 |  4- 6 || total
-------------------------+-------+-------++-------
Melee: Unarmed           |    75 |       ||    75
       Kick              |    18 |     8 ||    26
       Headbutt          |     8 |     2 ||    10
       Tailslap          |     5 |     7 ||    12
       Mace              |    15 |    30 ||    45
       Punch             |       |     1 ||     1
 Cast: Beastly Appendage |    30 |     5 ||    35
  Use: Potion            |       |     4 ||     4
       Scroll            |       |     3 ||     3
 Stab: Sleeping          |     2 |       ||     2
Armor: Skin              |    27 |    12 ||    39
Dodge: Dodged            |    44 |    42 ||    86
